 Dungeon Crawl Stone Soup version 0.29-a0-337-g68df138881 (webtiles) character file.

Game seed: 571697804906088842

3846 Dauddaud the Severer (level 9, -5/74 HPs)
             Began as a Minotaur Berserker on Apr 17, 2022.
             Was an Elder of Trog.
             Killed from afar by an electric eel (10 damage)
             ... with a bolt of electricity
             ... on level 8 of the Dungeon.
             The game lasted 00:14:27 (8014 turns).

Dauddaud the Severer (Minotaur Berserker)           Turns: 8014, Time: 00:14:28

Health: -5/74      AC: 11    Str: 26    XL:     9   Next: 98%
Magic:  8/8        EV: 11    Int:  4    God:    Trog [****..]
Gold:   412        SH:  0    Dex: 10    Spells: 8/8 levels left

rFire   . . .      SeeInvis .   z - +2 war axe (freeze)
rCold   . . .      Faith    +   (no shield)
rNeg    . . .      Spirit   .   q - +4 ring mail
rPois   .          Reflect  .   (helmet restricted)
rElec   .          Harm     .   o - +0 cloak
rCorr   .          Rampage  .   (no gloves)
Will    ++...                   (no boots)
Stlth   ..........              C - amulet of faith
HPRegen 1.22/turn               e - ring of flight
MPRegen 0.11/turn               (no ring)

@: strong-willed, flying, regenerating, studying Throwing
A: horns 2, retaliatory headbutt
a: Renounce Religion, Berserk, Trog's Hand, Brothers in Arms


You were on level 8 of the Dungeon.
You worshipped Trog.
Trog was greatly pleased with you.
You visited 1 branch of the dungeon, and saw 8 of its levels.

You collected 512 gold pieces.
You spent 100 gold pieces at shops.

Inventory:

Hand Weapons
 a - a +0 hand axe
 t - a +0 war axe
 y - a +0 whip
 z - a +2 war axe of freezing (weapon)
 B - a +0 club
 E - a +0 battleaxe
Armour
 b - a +0 animal skin
 n - a +0 ring mail
 o - a +0 cloak (worn)
 p - a +0 chain mail
 q - a +4 ring mail (worn)
Jewellery
 e - a ring of flight (left hand)
 i - an amulet of regeneration
 C - an amulet of faith (around neck)
Scrolls
 c - 2 scrolls of fear {unknown}
 d - 2 scrolls of noise {unknown}
 f - a scroll of brand weapon {unknown}
 k - 6 scrolls of identify {unknown}
 r - 2 scrolls of blinking {unknown}
 s - 2 scrolls of enchant armour {unknown}
 x - a scroll of fog {unknown}
 A - a scroll of vulnerability {unknown}
 G - a scroll of teleportation {unknown}
 H - a scroll of silence {unknown}
Potions
 g - 5 potions of heal wounds
 h - a potion of brilliance {unknown}
 j - a potion of resistance {unknown}
 l - 3 potions of magic {unknown}
 m - 3 potions of curing {unknown}
 u - a potion of might {unknown}
 v - a potion of degeneration {unknown}
 w - 2 potions of mutation {unknown}
 D - 2 potions of berserk rage {unknown}
 F - a potion of flight {unknown}
 I - a potion of lignification {unknown}


   Skills:
 * Level 5.3 Fighting
 - Level 16.0 Axes
 * Level 4.5 Armour
 + Level 3.2 Dodging


You had 8 spell levels left.
You didn't know any spells.
Your spell library was empty.

Dungeon Overview and Level Annotations

Branches:
Dungeon (8/15)             Temple (0/1) D:6
   Lair: D:8-11

Altars:
Ashenzari
Cheibriados
Dithmenos
Fedhas
Makhleb
Okawaru
Ru
Uskayaw
Vehumet
Wu Jian
Xom
Lugonu

Shops:
D:3 !

Annotations:
D:7 2 transporters


Innate Abilities, Weirdness & Mutations

You have a pair of horns on your head.
You reflexively headbutt those who attack you in melee.


Message History

No target in view!
No target in view!
No target in view!
You see here a black bear corpse.
An electric eel comes into view.
The electric eel shoots out a bolt of lightning at you!
The bolt of electricity hits you.
An electric eel is nearby!
The electric eel shoots out a bolt of lightning at you!
The bolt of electricity hits you!
An electric eel comes into view.
The electric eel shoots out a bolt of lightning at you!
The bolt of electricity hits you!
The electric eel shoots out a bolt of lightning at you!
The bolt of electricity hits you.
Found a broad axe.
Your skin crawls.
You feel strong-willed.
The electric eel shoots out a bolt of lightning at you!
The bolt of electricity hits you.
The electric eel shoots out a bolt of lightning at you!
The bolt of electricity hits the electric eel.
The electric eel completely resists.
The bolt of electricity hits you!
The electric eel shoots out a bolt of lightning at you!
The bolt of electricity hits you!
* * * LOW HITPOINT WARNING * * *
The electric eel shoots out a bolt of lightning at you!
The bolt of electricity hits the electric eel.
The electric eel completely resists.
The bolt of electricity misses you.
The electric eel shoots out a bolt of lightning at you!
The bolt of electricity hits you!
* * * LOW HITPOINT WARNING * * *
The electric eel shoots out a bolt of lightning at you!
The bolt of electricity misses you.
The electric eel shoots out a bolt of lightning at you!
The bolt of electricity hits you!
* * * LOW HITPOINT WARNING * * *
The electric eel shoots out a bolt of lightning at you!
The bolt of electricity hits you!
You die...

#..♣♣♣ #...♣ ♣..♣ ♣..P♣ ♣♣♣
.P. ♣♣.♣ ♣.P♣♣♣♣♣PP♣♣..≈
♣♣.♣♣ ♣.P♣♣....P...≈≈ ♣♣.^♣
♣♣...P.......≈≈≈ ♣...♣
♣♣♣..........≈≈≈≈≈ ..♣♣♣
♣...≈≈≈≈≈≈≈≈≈≈≈≈≈≈
.♣♣♣♣♣♣♣♣P...≈≈≈≈≈≈≈≈≈≈S≈≈≈
...♣.......≈≈≈≈≈@≈≈≈≈S≈S≈≈≈
.........≈≈≈≈≈≈≈≈≈≈≈≈≈≈≈≈.)
PP..PPP..≈≈≈≈≈≈≈≈..........
........≈≈≈≈≈≈≈............
P..P..P.≈≈≈≈≈≈≈..........8.
........≈≈≈≈≈≈≈≈......##...
..PPP.PP≈≈≈≈≈≈≈≈......# ...
†.......≈≈≈≈≈≈≈≈....... ..
†.PPP.P≈≈≈≈≈≈


You could see 3 electric eels.

Vanquished Creatures
  Pikel (D:4)
  A hornet (D:7)
  Grinder (D:4)
  Sigmund (D:2)
  A yak (D:8)
  2 hogs (D:8)
  A sky beast (D:7)
  3 black bears
  An ice beast (D:6)
  An ogre (D:5)
  A centaur (D:6)
  A kobold brigand (D:6)
  A lemure (D:4)
  2 phantoms
  5 bullfrogs
  A scorpion (D:6)
  8 wights
  A crimson imp (D:4)
  3 orc priests
  2 gnoll shamans (D:7)
  A jelly (D:5)
  Crazy Yiuf (D:2)
  3 iguanas
  Terence (D:3)
  6 orc wizards
  12 gnolls
  9 adders
  A white imp (D:6)
  2 worms
  A dart slug (D:1)
  22 orcs
  7 ball pythons
  8 bats
  9 endoplasms
  8 giant cockroaches
  11 goblins
  5 hobgoblins
  7 jackals (D:2)
  3 quokkas
  6 frilled lizards
  11 kobolds
  5 rats
177 creatures vanquished.

Vanquished Creatures (others)
  33 plants
33 creatures vanquished.

Grand Total: 210 creatures vanquished

Notes
Turn   | Place    | Note
-------+----------+-------------------------------------------
     0 | D:1      | Dauddaud the Minotaur Berserker began the quest for the
                  | Orb.
     0 | D:1      | Reached XP level 1. HP: 19/19 MP: 0/0
    30 | D:1      | Reached skill level 4 in Axes
   413 | D:1      | Reached XP level 2. HP: 26/26 MP: 1/1
  1005 | D:1      | Reached skill level 5 in Axes
  1143 | D:1      | Reached XP level 3. HP: 29/31 MP: 2/2
  1490 | D:2      | Reached ** piety under Trog
  1701 | D:2      | Found a runed translucent door.
  1702 | D:2      | Noticed Crazy Yiuf
  1815 | D:2      | Reached skill level 6 in Axes
  1815 | D:2      | Reached XP level 4. HP: 30/39 MP: 3/3
  1871 | D:2      | Noticed Sigmund
  1878 | D:2      | Killed Sigmund
  1879 | D:2      | Reached skill level 7 in Axes
  1879 | D:2      | Reached XP level 5. HP: 45/45 MP: 4/4
  1990 | D:2      | Reached skill level 8 in Axes
  2213 | D:2      | HP: 3/67 [Crazy Yiuf/+3 quarterstaff of chaos (5)]
  2214 | D:2      | Killed Crazy Yiuf
  2215 | D:2      | Reached XP level 6. HP: 3/51 MP: 3/5
  2398 | D:3      | Noticed Terence
  2409 | D:3      | Killed Terence
  3045 | D:3      | Found Dujaups's Distillery.
  3053 | D:3      | Bought a potion of heal wounds for 50 gold pieces
  3053 | D:3      | Bought a potion of heal wounds for 50 gold pieces
  3267 | D:3      | Found a faded altar of an unknown god.
  3562 | D:3      | Found a shadowy altar of Dithmenos.
  3624 | D:4      | Found a snail-covered altar of Cheibriados.
  3756 | D:4      | Reached skill level 9 in Axes
  3765 | D:4      | Noticed Grinder
  3788 | D:4      | Killed Grinder
  3789 | D:4      | Reached skill level 10 in Axes
  3789 | D:4      | Reached XP level 7. HP: 22/57 MP: 6/6
  4177 | D:4      | Found a radiant altar of Vehumet.
  4177 | D:4      | Found a burning altar of Makhleb.
  4298 | D:4      | Noticed Pikel
  4318 | D:4      | Killed Pikel
  4318 | D:4      | Reached *** piety under Trog
  4319 | D:4      | Reached skill level 12 in Axes
  4319 | D:4      | Reached XP level 8. HP: 47/64 MP: 7/7
  4418 | D:5      | Entered Level 5 of the Dungeon
  4555 | D:5      | Reached skill level 13 in Axes
  4663 | D:5      | Found a blossoming altar of Fedhas.
  5217 | D:6      | Reached skill level 14 in Axes
  5288 | D:6      | Found a staircase to the Ecumenical Temple.
  5331 | D:6      | Reached XP level 9. HP: 62/70 MP: 8/8
  5828 | D:6      | Reached skill level 15 in Axes
  5829 | D:6      | Reached **** piety under Trog
  6064 | D:6      | Found a hide-covered altar of Uskayaw.
  6277 | D:6      | Found an iron altar of Okawaru.
  6277 | D:6      | Found a sacrificial altar of Ru.
  6542 | D:7      | Paralysed by a hornet for 3 turns
  6979 | D:7      | Found a transporter.
  6984 | D:7      | Noticed a white ugly thing
  6984 | D:7      | Noticed an ancient zyme
  6985 | D:7      | Found a corrupted altar of Lugonu.
  6987 | D:7      | Noticed a purple ugly thing
  6987 | D:7      | Noticed a purple ugly thing
  6989 | D:7      | Found a transporter.
  7074 | D:7      | Reached skill level 16 in Axes
  7184 | D:7      | Found an ornate altar of the Wu Jian Council.
  7340 | D:7      | Found a broken altar of Ashenzari.
  7494 | D:7      | Found a shimmering altar of Xom.
  7926 | D:8      | Reached skill level 5 in Fighting
  8013 | D:8      | HP: 3/74 [electric eel/bolt of electricity (10)]
  8014 | D:8      | Killed from afar by an electric eel

Illustrated notes

Levels and vault maps discovered:
D:1:      nicolae_arrival_somewhat_less_tricky_arrival, layout_loops_ring,
          kennysheep_crisscross, lemuel_old_faithful
D:2:      layout_loops_ring, uniq_crazy_yiuf_cottage, uniq_sigmund
D:3:      layout_basic, grunt_dithmenos_smoke,
          shapermc_ecumenical_altar_mp_highgroup, serial_shops,
          nicolae_shop_waterfront, grunt_ministairs_1, uniq_terence
D:4:      layout_loops_ring, amcnicky_altar_gilded,
          grunt_temple_overflow_lords_of_destruction, serial_glass,
          glass_columns_a, glass_columns_b, glass_columns_a, glass_columns_a,
          glass_columns_b, glass_columns_c, due_unseen_surprise,
          feat_on_display, minmay_strange_pillars, minmay_manual_monstrance,
          uniq_grinder, uniq_pikel
D:5:      layout_basic, fedhas_altar_1, serial_co_window_serial,
          co_window_paths_b, co_window_paths_a, co_window_paths_b,
          co_window_paths_a, co_window_paths_a, co_window_paths_b,
          co_window_corner_b, co_window_broadway_a, co_window_paths_c,
          co_window_broadway_a, co_window_2corner, glass_columns_c,
          glass_columns_a
D:6:      layout_cave_pods, gammafunk_temple_overflow_elements,
          general_overflow_altar, temple_statues, serial_glass, glass_columns_a,
          glass_columns_c, glass_columns_a, glass_columns_b, glass_columns_b,
          glass_columns_c, chequers_garden
D:7:      gammafunk_corrupted_shrine, layout_cave_pools,
          nicolae_wu_jian_glorious_leap, mainiacjoe_overflow_catwalk,
          lemuel_coloured_pillars_altar
D:8:      kennysheep_town

Skill      XL: |  1  2  3  4  5  6  7  8  9 |
---------------+----------------------------+-----
Axes           | 4 5 6 7 8 10 12 14 16 | 16.0
Fighting       | 5 |  5.3
Armour         | 4 |  4.5
Dodging        | 3 |  3.2

Action                   |  1- 3 |  4- 6 |  7- 9 || total
-------------------------+-------+-------+-------++-------
Melee: Hand axe          |    96 |    76 |       ||   172
       Headbutt          |    11 |    13 |    41 ||    65
       War axe           |       |    21 |   212 ||   233
       Punch             |       |     1 |     3 ||     4
Invok: Berserk           |     1 |     4 |     2 ||     7
       Trog's Hand       |       |       |     2 ||     2
Armor: Animal skin       |    25 |     1 |       ||    26
       Ring mail         |       |    24 |    81 ||   105
       Chain mail        |       |     9 |       ||     9
Dodge: Dodged            |    62 |    48 |   115 ||   225

Table legend: (Time is in decaauts)
 A = Elapsed time spent in this place.
 B = Non-inter-level travel time spent in this place.
 C = Inter-level travel time spent in this place.
 D = Time resting spent in this place.
 E = Time spent auto-exploring this place.
 F = Levels seen in this place.
 G = Mean time per level.
                   A        B        C        D        E       F      G
               +--------+--------+--------+--------+--------+-----+--------+
         Total |   8047 |   7772 |    275 |   1617 |   5115 |   8 | 1005.9 |
       Dungeon |   8047 |   7772 |    275 |   1617 |   5115 |   8 | 1005.9 |
               +--------+--------+--------+--------+--------+-----+--------+

Top non-repeatable levels by time:
     D:6: 1632 daAuts
     D:1: 1368 daAuts
     D:3: 1223 daAuts
     D:2: 1061 daAuts
     D:4: 813 daAuts
     D:5: 773 daAuts
     D:7: 746 daAuts
     D:8: 428 daAuts
